 Dungeon Crawl Stone Soup version 0.26-a0-40-gfe7b5d5a6f (webtiles) character file.

Game seed: 3846845410696226094, levelgen mode: deterministic

45 Baz the Ducker (level 3, 0/28 HPs)
             Began as a Minotaur Wizard on May 31, 2020.
             Slain by a bullfrog zombie (5 damage)
             ... on level 5 of the Dungeon.
             The game lasted 00:05:13 (3215 turns).

Baz the Ducker (Minotaur Wizard)                    Turns: 3215, Time: 00:05:14

Health: 0/28       AC:  5    Str: 12    XL:     3   Next: 42%
Magic:  2/5        EV: 12    Int: 15    God:
Gold:   150        SH:  0    Dex:  8    Spells: 5/6 levels left

rFire    . . .     SeeInvis .   j - +0 hand axe
rCold    . . .     Gourm    .   (no shield)
rNeg     . . .     Faith    .   k - +0 leather armour (curse)
rPois    .         Spirit   .   b - +0 hat
rElec    .         Reflect  .   n - +1 cloak
rCorr    .         Harm     .   (no gloves)
MR       .....                  (no boots)
Stlth    +.........             (no amulet)
HPRegen  0.09/turn              (no ring)
MPRegen  0.09/turn              (no ring)

@: flying, hasted, very quick
A: retaliatory headbutt, horns 2
a: no special abilities


You were on level 5 of the Dungeon.
You were not hungry.

You visited 1 branch of the dungeon, and saw 4 of its levels.

You collected 150 gold pieces.

Inventory:

Hand Weapons
 h - a cursed -1 hunting sling
 j - a +0 hand axe (weapon)
Missiles
 e - 3 boomerangs of dispersal (quivered)
 f - 11 stones
Armour
 b - a +0 hat (worn)
 g - a scarf of resistance
 k - a cursed +0 leather armour (worn)
 n - a +1 cloak (worn)
Scrolls
 c - a scroll of enchant armour {unknown}
 d - a scroll of identify {unknown}
 l - a scroll of blinking {unknown}
 m - a scroll of fog {unknown}
 p - a scroll of amnesia {unknown}
 r - a scroll of remove curse {unknown}
Comestibles
 a - 3 chunks of flesh
 o - 3 rations


   Skills:
 + Level 1.4 Fighting
 + Level 1.2 Axes
 + Level 1.5 Armour
 + Level 2.8 Dodging
 - Level 1.5 Stealth
 - Level 2.4 Spellcasting
 - Level 0.6 Conjurations
   Level 0.6 Summonings
   Level 0.6 Translocations


You had 5 spell levels left.
You knew the following spells:

 Your Spells              Type           Power        Failure   Level  Hunger
a - Magic Dart            Conj           #...         22%         1    #......

Your spell library contained the following spells:

 Spells                   Type           Power        Failure   Level  Hunger
 Blink                    Tloc           N/A          32%         2    ###....
 Call Imp                 Summ           #.......     32%         2    ###....
 Slow                     Hex            #.......     38%         2    ###....
 Conjure Flame            Conj/Fire      #.......     58%         3    ###....
 Mephitic Cloud           Conj/Pois/Air  #.......     58%         3    ###....


Dungeon Overview and Level Annotations

Branches:
Dungeon (3/15)

Altars:


Innate Abilities, Weirdness & Mutations

You reflexively headbutt those who attack you in melee.
You have a pair of horns on your head.


Message History

You slash the phantom! Your headbutt misses the phantom.
The phantom is moderately damaged.
The phantom hits you.
You closely miss the phantom.
The phantom is moderately damaged.
The phantom hits you.
You hit the phantom.
The phantom is heavily damaged.
The phantom blinks!
It was a potion of flight.
You feel very buoyant.
You fly up into the air.
The phantom blinks!
You hit the bullfrog zombie.
The bullfrog zombie is lightly damaged.
The bullfrog zombie hits you!
* * * LOW HITPOINT WARNING * * *
You hit the bullfrog zombie but do no damage.
The bullfrog zombie is lightly damaged.
The bullfrog zombie hits you.
You die...

... .. .. ###. #..
.# #.##.#########.#
#.#
#.#............#
#.# #.#..###...#...
.#
#.##.#..@Z........#
.#.#
#...#.#####.#....#
# #.#.#
#.#....##........##
.# #.#.#.
#.........#####..
#.#
#.#.#+#...###.#...
# .#.# #........# #
#.#.#+......###
.#.#.#......#
#.#.#.......#


You could see a bullfrog zombie.

Vanquished Creatures
  A worm (D:1)
  2 leopard geckos (D:2)
  4 giant cockroaches
  A goblin (D:1)
  4 hobgoblins
  8 jackals
  2 quokkas
  A ball python (D:1)
  3 bats
  5 frilled lizards
  4 kobolds
  2 rats (D:1)
37 creatures vanquished.

Notes
Turn   | Place    | Note
-------+----------+-------------------------------------------
     0 | D:1      | Baz the Minotaur Wizard began the quest for the Orb.
     0 | D:1      | Reached XP level 1. HP: 14/14 MP: 2/2
   421 | D:1      | Reached XP level 2. HP: 13/22 MP: 0/4
   766 | D:1      | Reached skill level 1 in Armour
  1332 | D:1      | Reached skill level 1 in Fighting
  2245 | D:2      | Reached XP level 3. HP: 28/28 MP: 5/5
  2286 | D:1      | Reached skill level 1 in Axes
  3154 | D:3      | You fall into a shaft and drop 2 floors!
  3154 | D:5      | Entered Level 5 of the Dungeon
  3183 | D:5      | Noticed a phantom
  3215 | D:5      | Slain by a bullfrog zombie

Illustrated notes

Levels and vault maps discovered:
D:1:      heliophobic_arrival_ceremonial_halls, layout_basic, serial_rivers,
          chequers_serial_rivers_small_b, chequers_serial_rivers_large_b,
          chequers_serial_rivers_micro_c, chequers_serial_rivers_room_b
D:2:      layout_loops_ring, uniq_jessica
D:3:      minmay_bubble_buster, layout_basic, uniq_ijyb
D:5:      layout_basic, serial_shops, shop, first_ration, uniq_menkaure

Skill      XL: |  1  2  3 |
---------------+----------+-----
Armour         | 1 |  1.5
Fighting       | 1 |  1.4
Axes           | 1 |  1.2
Dodging        | |  2.8
Stealth        | |  1.5
Spellcasting   | |  2.4
Conjurations   | |  0.6
Summonings     | |  0.6
Translocations | |  0.6

Action                   || total
-------------------------++-------
Melee: Unarmed           ||    10
       Hand axe          ||   107
       Headbutt          ||    11
Throw: Boomerang         ||     1
 Cast: Magic Dart        ||    32
  Use: Potion            ||     3
  Eat: Chunk             ||     4
       Ration            ||     1
Armor: Robe              ||     2
       Leather armour    ||    42
Dodge: Dodged            ||    87

Table legend:
 A = Non-vault XP
 B = Vault XP
 C = Vault XP percentage of total XP
 D = Non-vault monster count
 E = Vault monster count
 F = Vault count percentage of total count
                 A         B        C        D         E       F
            +---------+---------+-------+---------+---------+-------
      Total |      65 |       0 |   0.0 |      37 |       0 |   0.0
            +---------+---------+-------+---------+---------+-------
        D:1 |      38 |       0 |   0.0 |      22 |       0 |   0.0
        D:2 |      20 |       0 |   0.0 |      11 |       0 |   0.0
        D:3 |       5 |       0 |   0.0 |       3 |       0 |   0.0
        D:5 |       2 |       0 |   0.0 |       1 |       0 |   0.0
            +---------+---------+-------+---------+---------+-------
